 Dungeon Crawl Stone Soup version 0.29.0-4-gdea44cf6ec (webtiles) character file.

Game seed: 2759074026190836154

80 qw the Chopper (level 4, 0/26 HPs)
             Began as a Tengu Warper on Aug 28, 2022.
             Constricted to death by Natasha (2 damage)
             ... on level 2 of the Dungeon.
             The game lasted 00:00:09 (2547 turns).

qw the Chopper (Tengu Warper)                       Turns: 2547, Time: 00:00:10

Health: 0/26       AC:  5    Str: 13    XL:     4   Next: 39%
Magic:  8/8        EV:  6    Int: 14    God:
Gold:   117        SH:  8    Dex: 13    Spells: 7/7 levels left

rFire   + . .      SeeInvis .   Y - +0 hand axe
rCold   + . .      Faith    .   j - +0 kite shield
rNeg    . . .      Spirit   .   h - +0 ring mail
rPois   .          Reflect  .   (helmet restricted)
rElec   .          Harm     .   g - scarf {rC+ rF+}
rCorr   .          Rampage  .   (no gloves)
Will    .....                   (boots unavailable)
Stlth   +.........              (no amulet)
HPRegen 0.08/turn               (no ring)
MPRegen 0.11/turn               (no ring)

@: grasped by roots, slowed, constricted, very slow
A: beak, talons 3
a: no special abilities


You were on level 2 of the Dungeon.
You visited 1 branch of the dungeon, and saw 2 of its levels.

You collected 117 gold pieces.


Innate Abilities, Weirdness & Mutations

You have a beak for a mouth.
You have claws for feet.


   Skills:
 - Level 2.0 Fighting
 - Level 4.2 Axes
 - Level 1.0 Throwing
 - Level 1.1 Armour
 - Level 2.1 Dodging
 + Level 2.0 Shields
 - Level 2.0 Spellcasting
 - Level 2.4 Translocations


You had 7 spell levels left.
You didn't know any spells.
Your spell library contained the following spells:

 Spells                   Type           Power      Damage    Failure   Level
 Blink                    Tloc           16%        N/A       67%         2
 Gell's Gravitas          Tloc           8%         N/A       88%         3
 Lesser Beckoning         Tloc           8%         N/A       88%         3
 Teleport Other           Tloc           8%         N/A       88%         3
 Manifold Assault         Tloc           8%         N/A       100%        5

Inventory:

Hand Weapons
 k - a +0 whip
 Y - a +0 hand axe (weapon)
Armour
 c - a +0 cloak
 g - a scarf of resistance (worn)
 h - a +0 ring mail (worn)
 j - a +0 kite shield (worn)
Potions
 e - a potion of flight {unknown}
 f - a potion of brilliance {unknown}
 i - a potion of degeneration {unknown}
 m - a potion of attraction {unknown}

Dungeon Overview and Level Annotations

Branches:
Dungeon (2/15)

Altars:
Vehumet

Annotations:
D:2 Natasha


Message History

Natasha is severely wounded.
Natasha claws you but does no damage.
Natasha zaps a wand.
The roots erupt in riotous growth!
The grasping roots grab you!
Natasha is unaffected.
The grasping roots constrict you.
You closely miss Natasha.
Natasha is severely wounded.
Natasha casts a spell at you. The magic dart hits you.
The grasping roots constrict you.
Natasha wildly gestures.
You feel troubled. Natasha casts a spell at you. The magic dart hits you.
The grasping roots constrict you.
The grasping roots release their grip on you.
You hit Natasha but do no damage. Your kick misses Natasha.
Natasha is severely wounded.
You barely miss the crimson imp. Natasha closely misses you.
You block the crimson imp's attack. Natasha claws you but does no damage.
You barely miss Natasha. You claw Natasha, but do no damage.
Your peck misses Natasha.
Natasha is severely wounded.
You closely miss the crimson imp. Natasha closely misses you.
The crimson imp closely misses you. Natasha closely misses you.
The crimson imp hits you.
You barely miss Natasha. Your peck misses Natasha.
Natasha is severely wounded.
You closely miss the crimson imp. You block Natasha's attack.
Natasha claws you! You block the crimson imp's attack.
You hit Natasha. You claw Natasha.
Natasha is almost dead.
You hit the crimson imp.
Natasha stares at you and mumbles some strange words.
You feel yourself slow down. The crimson imp misses you.
Natasha zaps a wand.
The roots erupt in riotous growth!
The grasping roots grab you!
The crimson imp is unaffected.
Natasha is unaffected.
The grasping roots constrict you.
You die...

#....).....# #......
#.........# #......
#.........# #######
##........# #........#
#........#### #######
####..#.....##
##.....######h........##
##.......#...@5...#.#...#####
#...........................##
#.........#.._....#.).......##
#........<#.....#.#...........
#.........#.)...............##
#.........#...................
##.......##...................
#......:..............>.....#.
#.........#...................


You could see Natasha (fast) and a crimson imp (summoned).

Vanquished Creatures
  Natasha (twice) (D:2)
  An adder (D:2)
  A worm (D:2)
  4 endoplasms
  2 goblins
  3 hobgoblins
  2 ball pythons
  2 bats (D:2)
  A frilled lizard (D:2)
  2 rats
20 creatures vanquished.

Notes
Turn   | Place    | Note
-------+----------+-------------------------------------------
     0 | D:1      | qw the Tengu Warper began the quest for the Orb.
     0 | D:1      | Reached XP level 1. HP: 12/12 MP: 4/4
     0 | D:1      | 0 ||| qw: Version: 0.1-a-89-g26bdef1
     0 | D:1      | 0 ||| qw: Game counter: 1325
     0 | D:1      | 0 ||| qw: Always use a shield: true
     0 | D:1      | 0 ||| qw: God list: Okawaru
     0 | D:1      | 0 ||| qw: Allow faded altars: false
     0 | D:1      | 0 ||| qw: Do Orc after D:15 true
     0 | D:1      | 0 ||| qw: Do second Lair branch before Depths: true
     0 | D:1      | 0 ||| qw: Lair rune preference: random
     0 | D:1      | 0 ||| qw: Plans: Normal
     0 | D:1      | 0 ||| PLANNING D:1-11
   788 | D:1      | Reached XP level 2. HP: 12/17 MP: 6/6
   793 | D:1      | Reached skill level 3 in Axes
  1012 | D:1      | 1012 ||| UPGRADING to scarf of resistance.
  1017 | D:1      | 1017 ||| UPGRADING to +0 ring mail.
  1027 | D:1      | 1027 ||| DROPPING +0 leather armour.
  1028 | D:1      | 1028 ||| UPGRADING to +0 kite shield.
  1033 | D:1      | 1033 ||| READING scroll labelled MEASITTEUDD.
  1034 | D:1      | 1034 ||| READING scroll labelled YTHASTR JUOC.
  1035 | D:1      | 1035 ||| READING scroll labelled TUSACU ULYOSKIRI.
  1163 | D:1      | 1163 ||| DROPPING scroll of blinking.
  1208 | D:2      | 1208 ||| STAIRDANCE
  1386 | D:2      | 1386 ||| STAIRDANCE
  1585 | D:2      | Reached skill level 1 in Shields
  1585 | D:2      | Reached XP level 3. HP: 19/21 MP: 7/7
  1706 | D:2      | HP: 3/21 [worm (6)]
  1956 | D:2      | Found a radiant altar of Vehumet.
  2009 | D:2      | Noticed Natasha
  2019 | D:2      | Killed Natasha
  2204 | D:2      | Noticed Natasha
  2210 | D:2      | HP: 5/21 [constriction (3)]
  2210 | D:2      | HP: 2/21 [constriction (2)]
  2211 | D:2      | Killed Natasha
  2212 | D:2      | Reached skill level 4 in Axes
  2212 | D:2      | Reached XP level 4. HP: 3/26 MP: 8/8
  2301 | D:2      | 2301 ||| FLEEEEING.
  2302 | D:2      | 2302 ||| FLEEEEING.
  2303 | D:2      | 2303 ||| FLEEEEING.
  2304 | D:2      | 2304 ||| FLEEEEING.
  2305 | D:2      | 2305 ||| FLEEEEING.
  2306 | D:2      | 2306 ||| FLEEEEING.
  2307 | D:2      | 2307 ||| FLEEEEING.
  2308 | D:2      | 2308 ||| FLEEEEING.
  2309 | D:2      | 2309 ||| FLEEEEING.
  2310 | D:2      | 2310 ||| FLEEEEING.
  2311 | D:2      | 2311 ||| FLEEEEING.
  2312 | D:2      | 2312 ||| FLEEEEING.
  2313 | D:2      | 2313 ||| FLEEEEING.
  2314 | D:2      | 2314 ||| STAIRDANCE
  2495 | D:1      | 2495 ||| READING scroll labelled XUBBIM ARASO.
  2499 | D:1      | 2499 ||| READING scroll labelled SULIQIFOER.
  2533 | D:2      | Noticed Natasha
  2535 | D:2      | 2535 ||| FLEEEEING.
  2536 | D:2      | 2536 ||| FLEEEEING.
  2537 | D:2      | 2537 ||| Stepping ~*~*~tactically~*~*~ (hiding).
  2538 | D:2      | 2538 ||| Stepping ~*~*~tactically~*~*~ (hiding).
  2546 | D:2      | HP: 2/26 [Natasha (7)]
  2547 | D:2      | Constricted to death by Natasha

Levels and vault maps discovered:
D:1:      shiori_arrival_elements, layout_loops_corners, hangedman_glass_garden
D:2:      layout_rooms, ebering_ecumenical_altar_abandoned, basic_altar,
          uniq_natasha

Skill      XL: |  1  2  3 |
---------------+----------+-----
Axes           | 3 4 |  4.2
Shields        | 1 2 |  2.0
Fighting       | |  2.0
Throwing       | |  1.0
Armour         | |  1.1
Dodging        | |  2.1
Spellcasting   | |  2.0
Translocations | |  2.4

Action                   |  1- 3 |  4- 6 || total
-------------------------+-------+-------++-------
Melee: Hand axe          |    56 |    10 ||    66
       Kick              |    11 |     3 ||    14
       Peck              |     6 |     2 ||     8
Throw: Boomerang         |     7 |       ||     7
  Use: Scroll            |     3 |     2 ||     5
Armor: Leather armour    |     1 |       ||     1
       Ring mail         |    16 |     4 ||    20
Dodge: Dodged            |    13 |     5 ||    18
Block: Kite shield       |    15 |     5 ||    20

Table legend:
 A = Non-vault XP
 B = Vault XP
 C = Vault XP percentage of total XP
 D = Non-vault monster count
 E = Vault monster count
 F = Vault count percentage of total count
                 A         B        C        D         E       F
            +---------+---------+-------+---------+---------+-------
      Total |      80 |      35 |  30.4 |      19 |       1 |   5.0
            +---------+---------+-------+---------+---------+-------
        D:1 |      14 |       0 |   0.0 |       8 |       0 |   0.0
        D:2 |      66 |      35 |  34.7 |      11 |       1 |   8.3
            +---------+---------+-------+---------+---------+-------
